 Dungeon Sprint DCSS version 0.25.1-2-g60ff931df9 (webtiles) character file.

Game seed: 10624492073938285991

614 lepoulpe303 the Cleaver (level 7, -2/75 HPs)
             Began as a Deep Dwarf Fighter on Sept 26, 2020.
             Was an Initiate of Makhleb.
             Slain by Sonja
             ... wielding a +0 dagger of distortion
              (9 damage)
             ... in the Dungeon (Sprint I: "Red Sonja").
             The game lasted 00:03:22 (206 turns).

lepoulpe303 the Cleaver (Deep Dwarf Fighter)         Turns: 206, Time: 00:03:22

Health: -2/75      AC:  8    Str: 22    XL:     7   Next: 20%
Magic:  5/5        EV:  8    Int:  8    God:    Makhleb [......]
Gold:   306        SH: 11    Dex: 12    Spells: 6/6 levels left

rFire    . . .     SeeInvis .   a - +0 war axe
rCold    . . .     Gourm    .   c - +0 kite shield
rNeg     . . .     Faith    .   b - +0 scale mail
rPois    .         Spirit   .   (no helmet)
rElec    .         Reflect  .   (no cloak)
rCorr    .         Harm     .   (no gloves)
MR       +....     NoTele   +   (no boots)
Stlth    ..........             (no amulet)
HPRegen  0.00/turn              (no ring)
MPRegen  0.09/turn              (no ring)

@: lethally poisoned (-2 -> -2), berserk cooldown, non-regenerating, slowed,
very slow
A: damage resistance, heal wounds, sense surroundings 1, no regeneration
a: Heal Wounds, Renounce Religion


You were in the Dungeon.
You worshipped Makhleb.
Makhleb was noncommittal.
You were not hungry.

You visited 1 branch You collected 306 gold pieces.

Inventory:

Hand Weapons
 a - a +0 war axe (weapon)
Armour
 b - a +0 scale mail (worn)
 c - a +0 kite shield (worn)
Scrolls
 B - a scroll of blinking {!r}
Potions
 d - a potion of might
 h - 2 potions of haste
 i - 2 potions of magic
 q - a potion of curing
Comestibles
 e - a ration
 f - 6 chunks of flesh


   Skills:
 * Level 8.9 Fighting
 * Level 10.1 Axes
 + Level 7.7 Armour
 + Level 7.7 Shields


You had 6 spell levels left.
You didn't know any spells.
Your spell library was empty.

Dungeon Overview and Level Annotations

Branches:
Dungeon (1/1)

Altars:
Cheibriados
Dithmenos
Elyvilon
Fedhas
Gozag
Hepliaklqana
Kikubaaqudgha
Makhleb
Nemelex Xobeh
Okawaru
Qazlal
Ru
Sif Muna
Trog
Uskayaw
Vehumet
Wu Jian
Xom
Yredelemnul
Zin
The Shining One
Jiyva
Lugonu

Shops:
D (

Annotations:
D Sonja


Innate Abilities, Weirdness & Mutations

You are resistant to damage.
You can heal yourself by infusing magical energy.
You passively map a small area around you.
You do not regenerate.


Message History

* * * LOW HITPOINT WARNING * * *
You feel as though you will be slow longer.
You regained 10 hp, and now have 17/75 hp.
Sonja plants her feet in a plie.
Sonja casts a spell.
Sonja blinks!
Sonja hits you but does no damage. You block Sonja's attack.
Sonja hits you with a +0 dagger of distortion.
* * * LOW HITPOINT WARNING * * *
Space bends around you.
* * * LOW HITPOINT WARNING * * *
There is an open door here.
You see here a curare-tipped dart.
You take 5 damage, and have 12/75 hp.
You hit Sonja. Sonja hits you but does no damage. Sonja barely misses you.
Sonja hits you but does no damage. Space bends around you.
* * * LOW HITPOINT WARNING * * *
Sonja hits you but does no damage. Space warps horribly around you!
You die...

#<.#..').#..'..#__#
#..'..#..').#..'^.+
#).#####'#####'#__#*
,
#..####..#...#.####
#..#__####..##.# , ,
#..#_____##'#_.+
#⌠⌠#_.∩...'.(._# ,
####_..__##_(#+# *
,,#_____###@#,*,,,,
* *#########K## + *
,


+$($+ +++ * #§((# * * , *##.## , #+# , * * + , , , ,, You could see Sonja.

Levels and vault maps discovered:
D:        dungeon_sprint_1 [red_sonja_temple_1, red_sonja_temple_small_1]

Notes
Turn   | Place    | Note
-------+----------+-------------------------------------------
     0 | D        | lepoulpe303 the Deep Dwarf Fighter began the quest for the
                  | Orb.
     0 | D        | Reached XP level 1. HP: 20/20 MP: 1/1
     1 | D        | Identified a +0 dagger
     1 | D        | Identified a cursed +0 leather armour
     1 | D        | Noticed Ijyb
    39 | D        | Identified a +0 war axe
    41 | D        | Killed Ijyb
    41 | D        | Reached skill level 4 in Fighting
    41 | D        | Reached skill level 4 in Axes
    41 | D        | Reached skill level 4 in Armour
    41 | D        | Reached skill level 4 in Shields
    41 | D        | Reached XP level 2. HP: 21/30 MP: 2/2
    48 | D        | Identified a +0 giant club
    48 | D        | Noticed an ogre
    52 | D        | HP: 1/30 [ogre/+0 giant club (14)]
    54 | D        | Killed an ogre
    54 | D        | Reached skill level 5 in Fighting
    54 | D        | Reached skill level 6 in Axes
    54 | D        | Reached skill level 5 in Armour
    54 | D        | Reached skill level 5 in Shields
    54 | D        | Reached XP level 3. HP: 24/39 MP: 2/2
    54 | D        | Reached XP level 4. HP: 29/46 MP: 3/3
    68 | D        | Identified a cursed -2 scythe
    68 | D        | Identified a +0 robe
    68 | D        | Noticed Sigmund
    78 | D        | Killed Sigmund
    78 | D        | Reached skill level 7 in Fighting
    78 | D        | Reached skill level 8 in Axes
    78 | D        | Reached skill level 6 in Armour
    78 | D        | Reached skill level 6 in Shields
    78 | D        | Reached XP level 5. HP: 24/57 MP: 4/4
    78 | D        | Reached XP level 6. HP: 28/66 MP: 5/5
    93 | D        | Found a shimmering blue altar of Sif Muna.
    93 | D        | Killed a gargoyle
    94 | D        | Found an ornate altar of the Wu Jian Council.
    95 | D        | Found a radiant altar of Vehumet.
   113 | D        | Found a burning altar of Makhleb.
   113 | D        | Found a shimmering altar of Xom.
   113 | D        | Noticed a slime creature
   130 | D        | HP: 9/66 [slime creature (8)]
   130 | D        | HP: 1/66 [slime creature (8)]
   133 | D        | Killed a slime creature
   133 | D        | Reached skill level 8 in Fighting
   133 | D        | Reached skill level 9 in Axes
   133 | D        | Reached skill level 7 in Armour
   133 | D        | Reached skill level 7 in Shields
   135 | D        | Found a viscous altar of Jiyva.
   135 | D        | Found a corrupted altar of Lugonu.
   137 | D        | Became a worshipper of Makhleb the Destroyer
   161 | D        | Found Poafuic's Weapon Emporium.
   161 | D        | Found an ancient bone altar of Kikubaaqudgha.
   161 | D        | Found a hazy altar of Hepliaklqana.
   161 | D        | Found a hide-covered altar of Uskayaw.
   161 | D        | Found a basalt altar of Yredelemnul.
   161 | D        | Found an opulent altar of Gozag.
   161 | D        | Found a snail-covered altar of Cheibriados.
   161 | D        | Found a sacrificial altar of Ru.
   161 | D        | Found a shadowy altar of Dithmenos.
   161 | D        | Noticed a yak
   172 | D        | Killed a yak
   172 | D        | Reached skill level 10 in Axes
   172 | D        | Reached XP level 7. HP: 43/75 MP: 6/6
   173 | D        | Found a stormy altar of Qazlal.
   173 | D        | Found a blossoming altar of Fedhas.
   173 | D        | Found a bloodstained altar of Trog.
   173 | D        | Found an iron altar of Okawaru.
   173 | D        | Found a glowing golden altar of the Shining One.
   173 | D        | Found a glowing silver altar of Zin.
   173 | D        | Found a white marble altar of Elyvilon.
   174 | D        | Found a sparkling altar of Nemelex Xobeh.
   186 | D        | Identified a +0 dagger of distortion
   186 | D        | Noticed Sonja
   203 | D        | HP: 18/75 [Sonja/+0 dagger of distortion (5)]
   203 | D        | HP: 7/75 [Sonja/+0 dagger of distortion (11)]
   206 | D        | Slain by Sonja

Table legend:
 A = Turns spent in this place as a percentage of turns spent in the entire game.
 B = Non-inter-level travel turns spent in this place as a percentage of non-inter-level travel turns spent in the entire game.
 C = Inter-level travel turns spent in this place as a percentage of turns spent in this place.
 D = Turns resting spent in this place as a percentage of non-inter-level travel turns spent in this place.
 E = Turns spent auto-exploring this place as a percentage of non-inter-level travel turns spent in this place.
 F = Non-inter-level travel turns spent in this place divided by the number of levels of this place that you've seen.
                   A       B       C       D       E      F
               +-------+-------+-------+-------+-------+----------------------
         Total | 100.0 | 100.0 |   0.0 |   0.0 |   0.0 | 206.0
       Dungeon | 100.0 | 100.0 |   0.0 |   0.0 |   0.0 | 206.0
               +-------+-------+-------+-------+-------+----------------------

Table legend:
 A = Kills in this place as a percentage of kills in entire the game.
 B = Kills by you in this place as a percentage of kills by you in the entire game.
 C = Kills by friends in this place as a percentage of kills by friends in the entire game.
 D = Other kills in this place as a percentage of other kills in the entire game.
 E = Experience gained in this place as a percentage of experience gained in the entire game.
 F = Experience gained in this place divided by the number of levels of this place that you have seen.
                   A       B       C       D       E      F
               +-------+-------+-------+-------+-------+----------------------
         Total | 100.0 | 100.0 |   N/A |   N/A | 100.0 | 878.0
       Dungeon | 100.0 | 100.0 |   N/A |   N/A | 100.0 | 878.0
               +-------+-------+-------+-------+-------+----------------------

Skill      XL: |  1  2  3  4  5  6 |
---------------+-------------------+-----
Fighting       | 4 5 7 8 |  8.9
Axes           | 4 6 8 10 | 10.1
Armour         | 4 5 6 7 |  7.7
Shields        | 4 5 6 7 |  7.7

Action                   |  1- 3 |  4- 6 |  7- 9 || total
-------------------------+-------+-------+-------++-------
Melee: Unarmed           |     7 |       |       ||     7
       War axe           |     7 |    44 |     8 ||    59
 Abil: Heal Wounds       |     1 |     4 |     2 ||     7
  Use: Potion            |       |       |     2 ||     2
Armor: Scale mail        |     2 |     4 |    11 ||    17
Dodge: Dodged            |     7 |    11 |     6 ||    24
Block: Kite shield       |     3 |    13 |     9 ||    25

Vanquished Creatures
  A slime creature (D)
  Sigmund (D)
  A yak (D)
  An ogre (D)
  A jelly (D)
  Ijyb (D)
6 creatures vanquished.

Vanquished Creatures (others)
  A gargoyle (D)
1 creature vanquished.

Grand Total: 7 creatures vanquished
